 Dungeon Crawl Stone Soup version 0.32-a0-12-g7fc57aa741 (webtiles) character file.

Game seed: 3138617663058666343

250 quinnr the Gusty (level 6, -3/34 HPs)
             Began as a Tengu Air Elementalist on Jan 14, 2024.
             Killed by nerve-wracking pain
             ... invoked by Grinder
              (8 damage)
             ... on level 3 of the Dungeon.
             The game lasted 00:04:50 (3107 turns).

quinnr the Gusty (Tengu Air Elementalist)           Turns: 3107, Time: 00:04:51

Health: -3/34      AC:  2    Str:  9    XL:     6   Next: 13%
Magic:  2/11       EV: 13    Int: 17    God:
Gold:   122        SH:  0    Dex: 14    Spells: 1/11 levels left

rFire   . . .        i - +1 dagger (drain)
rCold   . . .        (no shield)
rNeg    . . .        a - +0 robe
rPois   .            (helmet restricted)
rElec   .            m - scarf {shadows}
rCorr   .            (no gloves)
SInv    .            (boots unavailable)
Will    .....        (no amulet)
Stlth   ++           (no ring)
HPRegen 0.25/turn    (no ring)
MPRegen 0.12/turn

%: acrobat
@: no status effects
A: beak, talons 3, acrobatic
a: no special abilities


You were on level 3 of the Dungeon.
You visited 1 branch of the dungeon, and saw 3 of its levels.

You collected 122 gold pieces.


Innate Abilities, Weirdness & Mutations

You have a beak for a mouth.
You have claws for feet.
You can magically evade attacks while moving or waiting.


   Skills:
 - Level 1.0 Fighting
 - Level 3.0 Dodging
 - Level 2.0 Stealth
 - Level 3.0 Spellcasting
 - Level 5.0 Conjurations
 + Level 5.7 Air Magic


You had one spell level left.
You knew the following spells:

 Your Spells              Type           Power      Damage    Failure   Level
a - Airstrike             Air            11%        2d(2-18)  17%         4
i - Swiftness             Air            22%        N/A       4%          3
t - Static Discharge      Conj/Air       40%        3-5/arc   3%          2
z - Shock                 Conj/Air       80%        1d8       1%          1

Your spell library contained the following spells:

 Spells                   Type           Power      Damage    Failure   Level
 Slow                     Hex            8%         N/A       17%         1
 Confusing Touch          Hex            2%         N/A       45%         3
 Sigil of Binding         Hex            2%         N/A       45%         3
 Vampiric Draining        Necr           2%         2d6       45%         3

Inventory:

Hand Weapons
 i - a +1 dagger of draining (weapon)
Missiles
 d - 3 poisoned darts
Armour
 a - a +0 robe (worn)
 m - a scarf of shadows (worn)
Scrolls
 g - a scroll of poison {unknown}
 h - a scroll of brand weapon {unknown}
 j - a scroll of enchant armour {unknown}
 k - a scroll of enchant weapon {unknown}
 n - a scroll of identify {unknown}
Potions
 b - a potion of magic
 c - a potion of mutation {unknown}
 e - 3 potions of enlightenment {unknown}
 f - a potion of lignification {unknown}
 l - a potion of curing {unknown}

Dungeon Overview and Level Annotations

Branches:
Dungeon (3/15)

Altars:

Annotations:
D:3 Grinder

##.#.#.#.#.#.#.#.#.#.#.#.##
#.#†#.#.#.#.#.#.#.#.#.#.#.#
##.#)#.#.#.#.#.#.#.#.#.#.##
#.#.#.#.#.#.#.#.#.#.#.#.#.#
##.#.#.#.#.#.#.#.#.#.#.#.##
#.#.#.#.#.#.#.#.#.#.#.#.#.#
##.#.#5#.#.#5#.#.#.#.#.#.##
..#.#.#.#.#.#.#.#.#.#.#.#.#
###.#.#.#.#@#.#.#.#.#.#.#.##
#.#.#.#.#§#.#.#.#.#.#.#.#.#
##.#.#.#.#.#.#.#.#.#.#.#.##
#.#.#.#.#.#.#.#.#.#.#.#.#.#
##.#.#.....#.#.#.#.#.#.#.##
#.#.#.......#.#.#.#.#.#.#.#
##.........#.#.#.#.#.#.#)##
#...........#.#.#.#.#.#.#..
##.........###############.


You could see Grinder.


Message History

You writhe in agony.
* * * LOW HITPOINT WARNING * * *
Unknown command.
Unknown command.
Unknown command.
Casting: Static Discharge (safe; 3% risk of failure)
Confirm with . or Enter, or press ? or * to list all spells.
Grinder is struck by an arc of lightning.
Grinder is heavily wounded.
You are struck by an arc of lightning.
* * * LOW HITPOINT WARNING * * *
Grinder is struck by an arc of lightning.
Grinder is severely wounded.
The lightning grounds out.
Grinder blinks!
Unknown command.
Unknown command.
Unknown command.
You aren't carrying any items that you can evoke.
Okay, then.
Casting: Static Discharge (safe; 3% risk of failure)
Confirm with . or Enter, or press ? or * to list all spells.
Aiming: Shock (safe; 1% risk of failure)
Press: ? - help, Shift-Dir - straight line The zap hits Grinder.
Grinder is severely wounded.
The zap misses Grinder.
Grinder gestures at you. Pain shoots through your body!
You die...
Grinder sighs, "Dead already?
I want a refund."

Skill      XL: |  1  2  3  4  5  6 |
---------------+-------------------+-----
Conjurations   | 2 3 5 |  5.0
Fighting       | 1 |  1.0
Dodging        | 3 |  3.0
Air Magic      | 5 |  5.7
Spellcasting   | 3 |  3.0
Stealth        | |  2.0

Action                     |  1- 3 |  4- 6 || total
---------------------------+-------+-------++-------
   Cast: Shock             |    57 |    36 ||    93
         Static Discharge  |     2 |     4 ||     6
 Armour: Robe              |     5 |    11 ||    16
  Dodge: Dodged            |     4 |     5 ||     9

Levels and vault maps discovered:
D:1:      dpeg_arrival_round_a, layout_rooms
D:2:      layout_loops_corners
D:3:      layout_basic, minmay_misc_feat_roman, minmay_misc_feat_doors,
          uniq_jessica, uniq_grinder, uniq_sigmund

Notes
Turn   | Place    | Note
-------+----------+-------------------------------------------
     0 | D:1      | quinnr the Tengu Air Elementalist began the quest for the
                  | Orb.
     0 | D:1      | Reached XP level 1. HP: 10/10 MP: 4/4
   114 | D:1      | Reached skill level 2 in Conjurations
   291 | D:1      | Reached XP level 2. HP: 15/15 MP: 3/6
   294 | D:1      | Learned a level 2 spell: Static Discharge
   441 | D:1      | Reached skill level 3 in Conjurations
   582 | D:1      | Reached XP level 3. HP: 19/19 MP: 3/7
   718 | D:1      | Reached skill level 4 in Conjurations
  1489 | D:3      | Noticed Jessica
  1502 | D:3      | Killed Jessica
  1503 | D:3      | Reached skill level 5 in Conjurations
  1503 | D:3      | Reached XP level 4. HP: 21/24 MP: 3/8
  1505 | D:3      | Reached skill level 1 in Fighting
  1737 | D:3      | Noticed Sigmund
  1751 | D:3      | Killed Sigmund
  1752 | D:3      | Reached skill level 3 in Dodging
  1752 | D:3      | Reached skill level 5 in Air Magic
  1752 | D:3      | Reached XP level 5. HP: 13/29 MP: 3/10
  1752 | D:3      | Reached XP level 6. HP: 16/34 MP: 3/11
  1985 | D:3      | Reached skill level 3 in Spellcasting
  2238 | D:3      | Noticed Grinder
  3094 | D:3      | Learned a level 3 spell: Swiftness
  3099 | D:3      | Learned a level 4 spell: Airstrike
  3107 | D:3      | Killed from afar by Grinder

Vanquished Creatures
  Sigmund (D:3)
  Jessica (D:3)
  2 gnolls (D:1)
  A dart slug (D:1)
  7 orcs (D:3)
  3 bats
  An endoplasm (D:1)
  A giant cockroach (D:1)
  4 goblins
  4 hobgoblins
  4 quokkas
  4 ball pythons
  3 frilled lizards (D:1)
  2 rats
38 creatures vanquished.

Table legend: (Time is in decaauts)
 A = Elapsed time spent in this place.
 B = Non-inter-level travel time spent in this place.
 C = Inter-level travel time spent in this place.
 D = Time resting spent in this place.
 E = Time spent auto-exploring this place.
 F = Levels seen in this place.
 G = Mean time per level.
                   A        B        C        D        E       F      G
               +--------+--------+--------+--------+--------+-----+--------+
         Total |   3106 |   3008 |     98 |    310 |   2342 |   3 | 1035.3 |
       Dungeon |   3106 |   3008 |     98 |    310 |   2342 |   3 | 1035.3 |
               +--------+--------+--------+--------+--------+-----+--------+

Top non-repeatable levels by time:
     D:3: 1167 daAuts
     D:1: 985 daAuts
     D:2: 953 daAuts

Table legend:
 A = Non-vault XP
 B = Vault XP
 C = Vault XP percentage of total XP
 D = Non-vault monster count
 E = Vault monster count
 F = Vault count percentage of total count
                 A         B        C        D         E       F
            +---------+---------+-------+---------+---------+-------
      Total |      98 |     260 |  72.6 |      36 |       2 |   5.3
            +---------+---------+-------+---------+---------+-------
        D:1 |      56 |       0 |   0.0 |      17 |       0 |   0.0
        D:2 |       7 |       0 |   0.0 |       4 |       0 |   0.0
        D:3 |      35 |     260 |  88.1 |      15 |       2 |  11.8
            +---------+---------+-------+---------+---------+-------

Levels and vault maps discovered:
D:1:      dpeg_arrival_round_a, layout_rooms
D:2:      layout_loops_corners
D:3:      layout_basic, minmay_misc_feat_roman, minmay_misc_feat_doors,
          uniq_jessica, uniq_grinder, uniq_sigmund
